 Dungeon Crawl Stone Soup version 0.27-a0-1434-g6f15984924 (webtiles) character file.

Game seed: 188150423164221698

174 Brandom the Insei (level 5, -4/36 HPs)
             Began as an Octopode Transmuter on July 2, 2021.
             Was a Believer of Sif Muna.
             Slain by Sigmund (6 damage)
             ... on level 3 of the Dungeon.
             The game lasted 00:08:24 (3719 turns).

Brandom the Insei (Octopode Transmuter)             Turns: 3719, Time: 00:08:24

Health: -4/36      AC:  1    Str:  9    XL:     5   Next: 54%
Magic:  4/8        EV: 13    Int: 17    God:    Sif Muna [**....]
Gold:   35         SH:  0    Dex: 12    Spells: 1/9 levels left

rFire    . . .     SeeInvis .     - Unarmed
rCold    . . .     Faith    .   (no shield)
rNeg     . . .     Spirit   .   (helmet restricted)
rPois    .         Reflect  .   (no amulet)
rElec    .         Harm     .   (no ring)
rCorr    .         Rampage  .   (no ring)
Will     .....                  (no ring)
Stlth    ++........             (no ring)
HPRegen  0.12/turn              (no ring)
MPRegen  0.11/turn              (no ring)
                                (no ring)
                                (no ring)

@: very slightly contaminated
A: almost no armour, amphibious, 8 rings, camouflage 1, gelatinous body 1,
(nimble swimmer 1), tentacles
a: Renounce Religion, Channel Magic


You were on level 3 of the Dungeon.
You worshipped Sif Muna.
Sif Muna was pleased with you.
You visited 1 branch of the dungeon, and saw 3 of its levels.

You collected 112 gold pieces.
You spent 77 gold pieces at shops.

Inventory:

Missiles
 i - a throwing net {!f}
Scrolls
 b - a scroll of identify {unknown}
 c - a scroll of brand weapon {unknown}
 e - a scroll of silence {unknown}
 h - a scroll of teleportation {unknown}
Potions
 a - a potion of magic {unknown}
 d - 2 potions of lignification {unknown}
 f - a potion of curing {@q1}
 g - a potion of might


   Skills:
 * Level 2.8 Fighting
 + Level 2.7 Dodging
 + Level 3.6 Unarmed Combat
 + Level 2.6 Spellcasting
 + Level 2.8 Transmutations
 + Level 0.0 Ice Magic
 + Level 1.5 Poison Magic


You had one spell level left.
You knew the following spells:

 Your Spells              Type           Power      Damage    Failure   Level
a - Beastly Appendage     Tmut           24%        N/A       5%          1
b - Ice Form              Ice/Tmut       7%         N/A       69%         4
x - Spider Form           Tmut/Pois      4%         N/A       22%         3

Your spell library contained the following spells:

 Spells                   Type           Power      Damage    Failure   Level
 Sting                    Tmut/Pois      36%        1d4       8%          1
 Wereblood                Tmut           12%        N/A       9%          2
 Poisonous Vapours        Pois/Air       8%         N/A       21%         2
 Olgreb's Toxic Radiance  Pois           7%         N/A       67%         4


Dungeon Overview and Level Annotations

Branches:
Dungeon (3/15)

Altars:
Sif Muna

Shops:
D:1 *   D:2 [!([!

Annotations:
D:3 Sigmund


Innate Abilities, Weirdness & Mutations

You cannot wear most types of armour.
You are amphibious.
You can wear up to eight rings at the same time.
Your skin changes colour to match your surroundings (Stealth+).
Your rubbery body absorbs attacks. (AC +1, EV +1)
((You are camouflaged near water. (Stealth+)))
You have tentacles for arms and can constrict up to eight enemies at once.


Message History

You hit something. Something closely misses you.
Unknown command.
You hit something but do no damage.
You hear some strange, mumbled words.
You are confused.
You barely miss something.
You hear some strange, mumbled words.
Something tries to affect you, but you resist.
Unknown command.
You hit something. Something hits you!
You bump into the rock wall.
You hear some strange, mumbled words.
A puff of flame appears from out of thin air!
The puff of flame misses you.
Unknown command.
You bump into the rock wall.
You hear some strange, mumbled words.
Something tries to affect you, but you resist.
Unknown command.
You hit something but do no damage.
Unknown command.
You miss something. Something completely misses you.
Unknown command.
You bump into the rock wall.
You hear some strange, mumbled words.
A puff of flame appears from out of thin air!
The puff of flame hits you!
Unknown command.
You closely miss something.
You feel less confused. Something hits you.
* * * LOW HITPOINT WARNING * * *
You hit something but do no damage.
Your transformation has ended.
Something hits you!
* * * LOW HITPOINT WARNING * * *
You closely miss something. Your squeeze misses something. Something hits you.
* * * LOW HITPOINT WARNING * * *
The spell is quite dangerous to cast (22% risk of failure)!
Continue anyway?
You miscast Spider Form.
You are very lightly contaminated with residual magic.
Nothing appears to happen.
Something hits you.
* * * LOW HITPOINT WARNING * * *
You tentacle-slap something. Something completely misses you.
You miss something. Something hits you.
You die...

#############.##.#
#.<..@{...........
#############.....
#.#


There were no monsters in sight!

Vanquished Creatures
  8 gnolls
  3 adders (D:2)
  A worm (D:2)
  An orc (D:2)
  4 bats (D:1)
  2 endoplasms (D:2)
  15 giant cockroaches
  6 goblins
  6 hobgoblins
  2 jackals (D:2)
  A quokka (D:1)
  3 ball pythons
  A frilled lizard (D:1)
  8 kobolds
  3 rats
64 creatures vanquished.

Notes
Turn   | Place    | Note
-------+----------+-------------------------------------------
     0 | D:1      | Brandom the Octopode Transmuter began the quest for the
                  | Orb.
     0 | D:1      | Reached XP level 1. HP: 13/13 MP: 3/3
   255 | D:1      | Reached XP level 2. HP: 2/18 MP: 5/5
   523 | D:1      | Found Qasyuw's Assorted Antiques.
   664 | D:1      | Found a faded altar of an unknown god.
   674 | D:1      | Became a worshipper of Sif Muna the Loreminder
   674 | D:1      | Reached * piety under Sif Muna
   942 | D:1      | Reached XP level 3. HP: 19/24 MP: 6/6
   946 | D:1      | Learned a level 3 spell: Spider Form
  1880 | D:2      | Found Xaj Osyupp's Antique Armour Emporium.
  1882 | D:2      | Found Irem's Antique Weapon Boutique.
  1890 | D:2      | Reached XP level 4. HP: 12/29 MP: 5/7
  2049 | D:2      | Reached skill level 1 in Poison Magic
  2975 | D:2      | Reached XP level 5. HP: 24/35 MP: 8/8
  2986 | D:2      | Reached ** piety under Sif Muna
  3113 | D:2      | Found a shimmering blue altar of Sif Muna.
  3118 | D:2      | Found Guw Kom's Armour Shop.
  3164 | D:2      | Found Xobaoll's Distillery.
  3293 | D:2      | Bought a potion of curing for 33 gold pieces
  3293 | D:2      | Bought a potion of might for 44 gold pieces
  3541 | D:2      | Found Uhuvuzaz's Distillery.
  3661 | D:2      | Learned a level 4 spell: Ice Form
  3680 | D:3      | Noticed Sigmund
  3717 | D:3      | HP: 1/36 [something (5)]
  3719 | D:3      | Slain by Sigmund

Illustrated notes

Levels and vault maps discovered:
D:1:      tarquinn_simple_flora_water_e, layout_basic, serial_shops,
          nicolae_shop_stone, shapermc_ecumenical_altar_notcrosses
D:2:      minmay_roachtagon, layout_rooms, serial_shops, shop,
          nicolae_lakefront_shop, nicolae_shop_stone, shop,
          nicolae_shop_crystal, basic_altar
D:3:      layout_basic, gammafunk_temple_overflow_claw, gammafunk_ghost_split,
          serial_park_tiny_1, uniq_sigmund

Skill      XL: |  1  2  3  4 |
---------------+-------------+-----
Fighting       | 2 |  2.8
Poison Magic   | 1 |  1.5
Dodging        | |  2.7
Unarmed Combat | |  3.6
Spellcasting   | |  2.6
Transmutations | |  2.8

Action                   |  1- 3 |  4- 6 || total
-------------------------+-------+-------++-------
Melee: Unarmed           |    77 |   110 ||   187
       Constrict         |    20 |    14 ||    34
       Tentacles         |    12 |    10 ||    22
       Kick              |     4 |       ||     4
       Punch             |       |     1 ||     1
 Cast: Beastly Appendage |     6 |       ||     6
       Spider Form       |       |     7 ||     7
 Stab: Sleeping          |     7 |     1 ||     8
       Distracted        |       |     1 ||     1
Armor: Skin              |     7 |     8 ||    15
Dodge: Dodged            |    36 |    67 ||   103

Table legend: (Time is in decaauts)
 A = Elapsed time spent in this place.
 B = Non-inter-level travel time spent in this place.
 C = Inter-level travel time spent in this place.
 D = Time resting spent in this place.
 E = Time spent auto-exploring this place.
 F = Levels seen in this place.
 G = Mean time per level.
                   A        B        C        D        E       F      G
               +--------+--------+--------+--------+--------+-----+--------+
         Total |   3711 |   3654 |     57 |   1141 |   1959 |   3 | 1237.0 |
       Dungeon |   3711 |   3654 |     57 |   1141 |   1959 |   3 | 1237.0 |
               +--------+--------+--------+--------+--------+-----+--------+

Top non-repeatable levels by time:
     D:1: 2050 daAuts
     D:2: 1620 daAuts
     D:3: 40 daAuts
